 Dungeon Crawl Stone Soup version 0.21.1-1-g345015f (webtiles) character file.

91 Monsterracer the Gusty (level 4, -5/33 HPs)
             Began as a Demigod Air Elementalist on Feb 12, 2018.
             Slain by a gnoll
             ... wielding a +0 spear
              (8 damage)
             ... on level 3 of the Dungeon.
             The game lasted 00:04:21 (2348 turns).

Monsterracer the Gusty (Demigod Air Elementalist)   Turns: 2348, Time: 00:04:23

Health: -5/33      AC:  3    Str: 11    XL:     4   Next: 11%
Magic:  4/10       EV: 12    Int: 21    God:
Gold:   144        SH:  0    Dex: 19    Spells: 3/7 levels left

rFire    . . .     SeeInvis .   h - +1 dagger (drain)
rCold    . . .     Gourm    .   (no shield)
rNeg     . . .     Faith    .   a - +0 robe
rPois    .         Spirit   .   (no helmet)
rElec    .         Reflect  .   (no cloak)
rCorr    .         Harm     .   e - +0 pair of gloves
MR       .....                  (no boots)
Stlth    ++........             (no amulet)
HPRegen  0.11/turn              j - +3 ring of dexterity
MPRegen  0.12/turn              (no ring)

@: no status effects
A: high mp 1
a: no special abilities


You were on level 3 of the Dungeon.
You were not hungry.

You visited 1 branch of the dungeon, and saw 3 of its levels.

You collected 144 gold pieces.

Inventory:

Hand Weapons
 h - a +1 dagger of draining (weapon)
Armour
 a - a +0 robe (worn)
 e - a +0 pair of gloves (worn)
Jewellery
 j - a +3 ring of dexterity (left hand)
Scrolls
 l - 2 scrolls of remove curse {unknown}
 m - a scroll of enchant armour {unknown}
Potions
 d - 2 potions of ambrosia {unknown}
 f - a potion of mutation {!q}
 g - a potion of invisibility
 i - a potion of heal wounds {unknown}
 k - 2 potions of curing {unknown}
Books
 b - a book of Air

   Spells                             Type                      Level
   a - Shock                          Conjuration/Air              1
   b - Swiftness                      Charms/Air                   2
   c - Static Discharge               Conjuration/Air              3
   d - Airstrike                      Air                          4
   e - Lightning Bolt                 Conjuration/Air              5
Comestibles
 c - 4 rations


   Skills:
 - Level 1.7 Dodging
 - Level 1.7 Stealth
 + Level 2.3 Spellcasting
 * Level 2.4 Conjurations
 * Level 3.6 Air Magic


You had 3 spell levels left.
You knew the following spells:

 Your Spells              Type           Power        Failure   Level  Hunger
a - Shock                 Conj/Air       ###.         4%          1    #......
b - Static Discharge      Conj/Air       ###.....     12%         3    ###....


Dungeon Overview and Level Annotations

Branches:
Dungeon (3/15)


Innate Abilities, Weirdness & Mutations

You have an increased reservoir of magic. (+10% MP)


Message History

Aiming: Shock
Press: ? - help, Shift-Dir - straight line, f - quokka
Aim: a quokka The zap misses the quokka.
The zap misses the goblin.
The giant cockroach barely misses you. The quokka bites you.
You take 2 damage, and have 22/33 hp.
You now have 9/10 mp.
Casting: Shock
Confirm with . or Enter, or press ? or * to list all spells.
Aiming: Shock
Press: ? - help, Shift-Dir - straight line, f/p - quokka
Aim: a quokka The zap misses the quokka.
The zap hits the goblin.
You kill the goblin!
The giant cockroach misses you. The quokka closely misses you.
The gnoll hits you but does no damage. The giant cockroach bites you.
You take 1 damage, and have 21/33 hp.
You now have 8/10 mp.
Casting: Shock
Confirm with . or Enter, or press ? or * to list all spells.
Aiming: Shock
Press: ? - help, Shift-Dir - straight line, f/p - quokka
Aim: a quokka The zap hits the quokka.
The quokka appears unharmed.
The quokka bites you.
* * * LOW HITPOINT WARNING * * *
The gnoll closely misses you. The giant cockroach misses you.
The quokka barely misses you.
You take 5 damage, and have 16/33 hp.
You now have 7/10 mp.
You barely miss the quokka. The giant cockroach closely misses you.
The gnoll barely misses you. The quokka bites you.
* * * LOW HITPOINT WARNING * * *
You take 3 damage, and have 13/33 hp.
You closely miss the quokka. The giant cockroach barely misses you.
The gnoll hits you from afar with a spear.
* * * LOW HITPOINT WARNING * * *
The quokka bites you but does no damage.
You take 1 damage, and have 12/33 hp.
Casting: Shock
Confirm with . or Enter, or press ? or * to list all spells.
Aiming: Shock
Press: ? - help, Shift-Dir - straight line, f/p - quokka
Aim: a quokka The zap hits the quokka.
The quokka is moderately wounded.
The giant cockroach barely misses you. The quokka bites you.
* * * LOW HITPOINT WARNING * * *
The gnoll hits you from afar with a spear.
* * * LOW HITPOINT WARNING * * *
You take 7 damage, and have 5/33 hp.
MASSIVE DAMAGE!!
You now have 6/10 mp.
Casting: Shock
Confirm with . or Enter, or press ? or * to list all spells.
Aiming: Shock
Press: ? - help, Shift-Dir - straight line, f/p - quokka
Aim: a quokka (moderately wounded)
The zap hits the quokka.
The quokka is heavily wounded.
The giant cockroach bites you but does no damage.
The quokka closely misses you.
The gnoll hits you from afar with a spear.
* * * LOW HITPOINT WARNING * * *
The giant cockroach bites you but does no damage.
You take 4 damage, and have 1/33 hp.
You now have 5/10 mp.
Casting: Shock
Confirm with . or Enter, or press ? or * to list all spells.
Aiming: Shock
Press: ? - help, Shift-Dir - straight line, f/p - quokka
Aim: a quokka (heavily wounded)
The zap hits the quokka.
The quokka is almost dead.
The quokka misses you. The gnoll closely misses you.
The giant cockroach barely misses you. The quokka closely misses you.
You now have 4/10 mp.
Casting: Shock
Confirm with . or Enter, or press ? or * to list all spells.
Aiming: Shock
Press: ? - help, Shift-Dir - straight line, f/p - quokka
Aim: a quokka (severely wounded)
The zap hits the quokka.
You kill the quokka!
The giant cockroach misses you. The gnoll misses you.
The giant cockroach closely misses you.
You see here a club.
Casting: Shock
Confirm with . or Enter, or press ? or * to list all spells.
Aiming: Shock
Press: ? - help, Shift-Dir - straight line, f - giant cockroach
Aim: a giant cockroach (severely wounded, clinging)
The zap hits the giant cockroach.
You kill the giant cockroach!
The zap hits the gnoll.
The gnoll is lightly wounded.
The zap misses the hobgoblin.
The zap hits the gnoll.
The gnoll is lightly wounded.
You now have 3/10 mp.
Found a stone staircase leading up.
A gnoll comes into view. It is wielding a whip.
A gnoll comes into view.
The gnoll shouts!
There is a stone staircase leading up here.
You can't go down here!
The gnoll hits you from afar with a spear!
You die...

.....####......###.#
#...##.#........#
#..............#
+...##g........##
#....#g..........
#...##........#
#.#.....#g#####
#.#.##..#g#
#g#.##@.#.#
#.#.....#)##
#.###.g##..##.##
#..g.........
#.........###
#....#....#
#...#<#...#
#....#....# ##...
...##


You could see 3 gnolls and a hobgoblin.

Vanquished Creatures
  Jessica (D:2)
  An adder (D:2)
  2 worms (D:2)
  2 dart slugs
  2 leopard geckos
  2 giant cockroaches
  9 goblins
  4 hobgoblins
  6 kobolds
  A quokka (D:3)
  7 bats
  A frilled lizard (D:2)
  6 rats
44 creatures vanquished.

Notes
Turn   | Place    | Note
-------+----------+-------------------------------------------
     0 | D:1      | Monsterracer the Demigod Air Elementalist began the quest for the Orb.
     0 | D:1      | Reached XP level 1. HP: 14/14 MP: 5/5
     3 | D:1      | Noticed an electric eel
     3 | D:1      | Noticed an electric eel
    22 | D:1      | Reached skill level 1 in Conjurations
   373 | D:1      | Reached XP level 2. HP: 20/20 MP: 7/7
   406 | D:1      | Reached skill level 3 in Air Magic
  1323 | D:2      | HP: 7/20 [goblin/club (4)]
  1327 | D:2      | HP: 3/20 [kobold (4)]
  1331 | D:2      | Reached XP level 3. HP: 4/26 MP: 4/8
  1339 | D:2      | Learned a level 3 spell: Static Discharge
  1759 | D:2      | HP: 9/26 [worm (8)]
  2087 | D:2      | Noticed Jessica
  2092 | D:2      | Killed Jessica
  2092 | D:2      | Reached XP level 4. HP: 33/33 MP: 0/10
  2332 | D:3      | HP: 16/33 [quokka (5)]
  2335 | D:3      | HP: 5/33 [gnoll/spear (6)]
  2336 | D:3      | HP: 1/33 [gnoll/spear (4)]
  2348 | D:3      | Slain by a gnoll

Skill      XL: |  1  2  3 |
---------------+----------+-----
Conjurations   | 1 2 |  2.4
Air Magic      | 3 |  3.6
Spellcasting   | 2 |  2.3
Dodging        | |  1.7
Stealth        | |  1.7

Action                   |  1- 3 |  4- 6 || total
-------------------------+-------+-------++-------
Melee: Dagger            |    20 |    12 ||    32
       Unarmed           |     1 |       ||     1
 Cast: Shock             |    53 |    13 ||    66
  Use: Scroll            |     2 |       ||     2
 Stab: Sleeping          |     3 |       ||     3
  Eat: Chunk             |     4 |     1 ||     5
Armor: Robe              |    19 |     8 ||    27
Dodge: Dodged            |    33 |    33 ||    66

Vault maps used:
D:1:      arrival_aquarium_b
D:2:      uniq_jessica
D:3:      nicolae_overflow_crystal_walls, wad_floor_pattern_2, st_stairs_14
